 Dungeon Crawl Stone Soup version 0.20-a0-709-gd40821f (webtiles) character file.

6 KristoblXynda the Charmwright (level 1, -1/10 HPs)
             Began as a Spriggan Skald on Feb 21, 2017.
             Slain by a hobgoblin (4 damage)
             ... on level 1 of the Dungeon.
             The game lasted 00:01:17 (434 turns).

KristoblXynda the Charmwright (Spriggan Skald)       Turns: 434, Time: 00:01:17

Health: -1/10      AC:  2    Str:  7    XL:     1   Next: 75%
Magic:  5/5        EV: 18    Int: 14    God:
Gold:   44         SH:  0    Dex: 15    Spells: 5/6 levels left

rFire    . . .     SeeInvis +   a - +0 short sword
rCold    . . .     Gourm    .   b - +0 robe
rNeg     . . .     Faith    .   (shield restricted)
rPois    .         Spirit   .   (helmet restricted)
rElec    .         Reflect  .   (no cloak)
rCorr    .         Harm     .   (gloves unavailable)
MR       .....                  (boots unavailable)
Stlth    ++........             (no amulet)
Regen    0.1/turn               (no ring)
MPRegen  0.1/turn               (no ring)

@: very quick
A: unfitting armour, see invisible, herbivore 3, speed 3, slow metabolism 2
a: no special abilities


You were on level 1 of the Dungeon.
You were not hungry.

You visited 1 branch of the dungeon, and saw 1 of its levels.

You collected 44 gold pieces.

Inventory:

Hand Weapons
 a - a +0 short sword (weapon)
Armour
 b - a +0 robe (worn)
Scrolls
 e - 2 scrolls of enchant armour {unknown}
 f - 2 scrolls of identify {unknown}
 h - a scroll of magic mapping {unknown}
 i - a scroll of immolation {unknown}
Potions
 g - a potion of haste {unknown}
Books
 c - a book of Battle

   Spells                             Type                      Level
   a - Infusion                       Charms                       1
   b - Shroud of Golubria             Charms/Translocation         2
   c - Song of Slaying                Charms                       2
   d - Spectral Weapon                Hexes/Charms                 3
   e - Regeneration                   Charms/Necromancy            3
Comestibles
 d - 2 bread rations


   Skills:
 - Level 1.5 Fighting
 + Level 2.3 Short Blades
 - Level 3.5 Dodging
 + Level 0.9 Stealth
 + Level 3.0 Spellcasting
 + Level 4.4 Charms


You had 5 spell levels left.
You knew the following spells:

 Your Spells              Type           Power        Failure   Level  Hunger
a - Infusion              Chrm           ##..         3%          1    #......


Dungeon Overview and Level Annotations

Branches:
Dungeon (1/15)

Altars:


Innate Abilities, Weirdness & Mutations

You are very small and have problems with some larger weapons.
You are too small for most types of armour.
You have supernaturally acute eyesight. (SInv)
You are a herbivore.
You cover ground extremely quickly.
You need consume almost no food.


Message History

You hit the hobgoblin.
The hobgoblin is almost dead.
The hobgoblin completely misses you. The dart slug misses you.
You hit the dart slug but do no damage.
The dart slug is heavily wounded.
The hobgoblin closely misses you.
You hit the dart slug.
The dart slug is severely wounded.
The hobgoblin barely misses you. The dart slug closely misses you.
You hit the dart slug.
The dart slug is severely wounded.
The hobgoblin misses you. The dart slug launches a dart at you.
The slug dart hits you!
Ouch! That really hurt!
* * * LOW HITPOINT WARNING * * *
You hit the dart slug.
The dart slug is almost dead.
The hobgoblin hits you.
You die...

.....#.##.#......# .......#
.....#.....##..#.. .......##
.....##.....##.# # ........#
.....#.......#..# ##........
.....#.......##.####........#
....................!.....$..
.....##.........K..w.K.......
.....#.......###g#..........#
.....#.........#@#...g.......
.....#.......#.#.w†..........
.######.)...##.###...........
.# ##...#................. ##
###.......##........... #
####......................
####[.......######...........
.....######## #.........
###### #........


You could see a dart slug, a hobgoblin and a kobold.

Vanquished Creatures
  A giant cockroach (D:1)
  2 hobgoblins (D:1)
  3 rats (D:1)
6 creatures vanquished.

Notes
Turn   | Place    | Note
-------+----------+-------------------------------------------
     0 | D:1      | KristoblXynda the Spriggan Skald began the quest for the Orb.
     0 | D:1      | Reached XP level 1. HP: 10/10 MP: 5/5
   434 | D:1      | Slain by a hobgoblin

Vault maps used:
D:1:      dpeg_arrival_round_c

Skill      XL: |  1 |
---------------+----+-----
Spellcasting   | 3 |  3.0
Fighting       | |  1.5
Short Blades   | |  2.3
Dodging        | |  3.5
Stealth        | |  0.9
Charms         | |  4.4

Action                   || total
-------------------------++-------
Melee: Short sword       ||    27
 Stab: Sleeping          ||     2
Armor: Robe              ||     1
Dodge: Dodged            ||    16
